 Dungeon Crawl Stone Soup version 0.31-a0-744-gbc345e7fcb (webtiles) character file.

Game seed: 10086654232773815676

128 Aneyh the Ducker (level 5, -1/33 HPs)
             Began as a Tengu Monk on Sept 14, 2023.
             Slain by a scorpion (4 damage)
             ... on level 4 of the Dungeon.
             The game lasted 00:05:33 (2645 turns).

Aneyh the Ducker (Tengu Monk)                       Turns: 2645, Time: 00:05:34

Health: -1/33      AC:  2    Str: 13    XL:     5   Next: 11%
Magic:  6/6        EV: 14    Int: 11    God:
Gold:   155        SH:  0    Dex: 16    Spells: 4/4 levels left

rFire   . . .        k - +0 quarterstaff
rCold   . . .        (shield currently unavailable)
rNeg    . . .        b - +0 robe
rPois   .            (helmet restricted)
rElec   .            (no cloak)
rCorr   .            (no gloves)
SInv    .            (boots unavailable)
Will    .....        (no amulet)
Stlth   +            (no ring)
HPRegen 0.25/turn    (no ring)
MPRegen 0.10/turn

%: acrobat
@: confused, lethally poisoned (-1 -> -12), ambrosia-drunk
A: beak, talons 3, acrobatic
a: no special abilities


You were on level 4 of the Dungeon.
You visited 1 branch of the dungeon, and saw 4 of its levels.

You collected 155 gold pieces.

Inventory:

Hand Weapons
 a - a +0 spear
 k - a +0 quarterstaff (weapon)
Missiles
 q - 2 poisoned darts (quivered)
 r - 4 javelins
 t - 5 boomerangs
Armour
 b - a +0 robe (worn)
 d - an orb of light
 j - a +0 plate armour
 v - a +0 pair of gloves
Jewellery
 f - a ring of ice
Wands
 w - a wand of mindburst (10)
Scrolls
 g - 4 scrolls of identify {unknown}
 i - a scroll of brand weapon {unknown}
 l - 2 scrolls of amnesia {unknown}
 o - 2 scrolls of teleportation {unknown}
 p - a scroll of fear {unknown}
 u - a scroll of fog {unknown}
Potions
 h - a potion of magic
 m - a potion of lignification {unknown}
 n - 4 potions of curing {unknown}
 s - a potion of might {unknown}
 x - a potion of mutation {unknown}


   Skills:
 + Level 4.0 Fighting
 - Level 4.0(4.1) Polearms
 - Level 1.5(3.0) Staves
 + Level 4.3 Dodging
 - Level 1.0 Stealth


You had 4 spell levels left.
You didn't know any spells.
Your spell library contained the following spells:

 Spells                   Type           Power      Damage    Failure   Level
 Summon Small Mammal      Summ           0%         N/A       34%         1
 Call Canine Familiar     Summ           0%         N/A       71%         3
 Summon Guardian Golem    Hex/Summ       0%         N/A       71%         3


Dungeon Overview and Level Annotations

Branches:
Dungeon (4/15)
 Temple: D:4-7

Altars:
Fedhas
Trog

Shops:
D:3 ????(


Innate Abilities, Weirdness & Mutations

You have a beak for a mouth.
You have claws for feet.
You can magically evade attacks while moving or waiting.


Message History

The gnoll attacks as it pursues you! The gnoll barely misses you.
The gnoll attacks as it pursues you! The gnoll barely misses you.
The gnoll attacks as it pursues you! The gnoll completely misses you.
The gnoll attacks as it pursues you! The gnoll completely misses you.
The scorpion completely misses you. The scorpion attacks as it pursues you!
The scorpion barely misses you.
You barely miss the scorpion.
The gnoll hits you from afar with a +0 spear.
The scorpion barely misses you.
You hit the scorpion. Your peck misses the scorpion.
The scorpion is lightly wounded.
The scorpion closely misses you.
The gnoll hits you from afar with a +0 spear.
The scorpion barely misses you.
The gnoll hits you from afar with a +0 spear!
You hit the scorpion but do no damage.
You claw the scorpion, but do no damage.
You peck the scorpion, but do no damage.
The scorpion misses you. The gnoll completely misses you.
The gnoll hits you from afar with a +0 spear.
The scorpion attacks as it pursues you! The scorpion stings you.
* * * LOW HITPOINT WARNING * * *
You feel much better. The scorpion stings you.
You are poisoned.
The scorpion poisons you!
The gnoll hits you from afar with a +1 halberd of venom!
You are more poisoned.
* * * LOW HITPOINT WARNING * * *
You feel very sick. The gnoll attacks as it pursues you!
The gnoll completely misses you. The scorpion completely misses you.
* * * LOW HITPOINT WARNING * * *
You feel very sick. The scorpion attacks as it pursues you!
The scorpion completely misses you.
You are confused.
You feel invigorated.
* * * LOW HITPOINT WARNING * * *
You feel very sick. The scorpion stings you.
You die...

#....##.### #.#.##...##
##.##.....## ###
##...##...... ###..
#............ #....
##........... ####...
#.........†.. #......##
##........##.
#......@#####.........#.
...#....s##..g........##
........gg##...........†
....##................#.
### .#....##.........##.
#...................
#.......##.......##.
...#....###......##..
...##.....##..........


You could see a scorpion and 2 gnolls.

Vanquished Creatures
  3 adders
  3 gnolls
  A dart slug (D:2)
  4 orcs (D:3)
  6 ball pythons
  6 endoplasms
  8 hobgoblins
  4 jackals (D:2)
  2 quokkas
  3 bats
  3 frilled lizards
  9 goblins
  4 kobolds
  6 rats
62 creatures vanquished.

Notes
Turn   | Place    | Note
-------+----------+-------------------------------------------
     0 | D:1      | Aneyh the Tengu Monk began the quest for the Orb.
     0 | D:1      | Reached XP level 1. HP: 14/14 MP: 2/2
   244 | D:1      | Reached XP level 2. HP: 19/19 MP: 3/3
   404 | D:1      | Found a faded altar of an unknown god.
   863 | D:2      | Reached XP level 3. HP: 10/23 MP: 4/4
  1071 | D:2      | Reached skill level 1 in Stealth
  1205 | D:2      | Reached skill level 1 in Staves
  1205 | D:2      | Reached XP level 4. HP: 25/28 MP: 5/5
  1694 | D:3      | Found a bloodstained altar of Trog.
  1915 | D:3      | Found Zewes's Antique Weapon Boutique.
  2025 | D:3      | Found Qemicyp's Magic Scroll Emporium.
  2239 | D:3      | Found Xoxisydu's Magic Scroll Shoppe.
  2240 | D:3      | Found Madeil's Magic Scroll Emporium.
  2253 | D:3      | Reached XP level 5. HP: 22/33 MP: 6/6
  2400 | D:3      | Found a blossoming altar of Fedhas.
  2456 | D:3      | Found Linorheu's Magic Scroll Shop.
  2645 | D:4      | Slain by a scorpion

Illustrated notes

Levels and vault maps discovered:
D:1:      doesnt_arrival_eight_statues, layout_basic,
          shapermc_ecumenical_altar_starsandcircs
D:2:      cheibrodos_helix_gallery, layout_basic, kennysheep_cluttered_room
D:3:      layout_basic, lemuel_round_altar, fedhas_altar_4, serial_shops,
          nicolae_shop_hallway_stairs, nicolae_shop_rolled_up,
          nicolae_shop_hallway_plus, shop, shop, minmay_shallow_snake_nest
D:4:      layout_cave_pools, jmf_multi_god_temple2, portal_sewer_entry_e

Skill      XL: |  1  2  3  4  5 |
---------------+----------------+-----
Polearms       | 4 |  4.0
Stealth        | 1 |  1.0
Staves         | 1 |  1.5
Dodging        | 4 |  4.3
Fighting       | 4 |  4.0

Action                     |  1- 3 |  4- 6 || total
---------------------------+-------+-------++-------
  Melee: Spear             |    59 |       ||    59
         Kick              |    10 |    19 ||    29
         Peck              |     8 |     8 ||    16
         Quarterstaff      |    25 |    58 ||    83
    Use: Potion            |       |     4 ||     4
   Stab: Sleeping          |     5 |     4 ||     9
 Armour: Robe              |    29 |    34 ||    63
  Dodge: Dodged            |    28 |    72 ||   100

Table legend: (Time is in decaauts)
 A = Elapsed time spent in this place.
 B = Non-inter-level travel time spent in this place.
 C = Inter-level travel time spent in this place.
 D = Time resting spent in this place.
 E = Time spent auto-exploring this place.
 F = Levels seen in this place.
 G = Mean time per level.
                   A        B        C        D        E       F      G
               +--------+--------+--------+--------+--------+-----+--------+
         Total |   2654 |   2569 |     85 |    222 |   1874 |   4 |  663.5 |
       Dungeon |   2654 |   2569 |     85 |    222 |   1874 |   4 |  663.5 |
               +--------+--------+--------+--------+--------+-----+--------+

Top non-repeatable levels by time:
     D:2: 918 daAuts
     D:3: 902 daAuts
     D:1: 744 daAuts
     D:4: 89 daAuts
